 Dungeon Crawl Stone Soup version 0.21-a0-125-gb006224 (webtiles) character file.

18 Kurtz the Skirmisher (level 2, -1/24 HPs)
             Began as a Mummy Abyssal Knight on July 15, 2017.
             Was a Follower of Lugonu.
             Slain by a jackal (2 damage)
             ... on level 1 of the Dungeon.
             The game lasted 00:00:58 (697 turns).

Kurtz the Skirmisher (Mummy Abyssal Knight)          Turns: 697, Time: 00:00:58

Health: -1/24      AC:  3    Str: 15    XL:     2   Next: 48%
Magic:  3/3        EV: 10    Int: 11    God:    Lugonu [*.....]
Gold:   51         SH:  3    Dex: 11    Spells: 1/1 levels left

rFire    x . .     SeeInvis .   a - +1 hand axe
rCold    + . .     Gourm    .   d - +0 buckler
rNeg     + + +     Faith    .   b - +0 leather armour
rPois    ∞         Spirit   .   (no helmet)
rElec    .         Reflect  .   (no cloak)
rCorr    .         Harm     .   (no gloves)
MR       .....                  (no boots)
Stlth    +.........             (no amulet)
HPRegen  0.08/turn              (no ring)
MPRegen  0.08/turn              (no ring)

@: no status effects
A: no food or potions, fire vulnerability, cold resistance 1, negative energy
resistance 3, torment resistance, unbreathing
a: Depart the Abyss, Renounce Religion


You were on level 1 of the Dungeon.
You worshipped Lugonu.
Lugonu was aware of your devotion.
You were not hungry.

You visited 1 branch of the dungeon, and saw 1 of its levels.
You visited the Abyss 1 time.

You collected 51 gold pieces.

Inventory:

Hand Weapons
 a - a +1 hand axe (weapon)
Armour
 b - a +0 leather armour (worn)
 d - a +0 buckler (worn)
Scrolls
 c - a scroll of remove curse {unknown}
 e - 3 scrolls of magic mapping {unknown}
 g - a scroll of blinking {unknown}
Books
 f - Sif Muna's Compendium of Dusty Lightness
   (You found it on level 3 of the Abyss)

   Spells                             Type                      Level
   a - Bolt of Magma                  Conjuration/Fire/Earth       5
   b - Freezing Cloud                 Conjuration/Ice/Air          6
   c - Tornado                        Air                          9


   Skills:
 - Level 3.0 Fighting
 * Level 2.3 Axes
 - Level 1.5 Armour
 - Level 0.7 Dodging
 * Level 0.7 Shields
 - Level 1.5 Invocations


You had one spell level left.
You didn't know any spells.

Dungeon Overview and Level Annotations

Branches:
Dungeon (1/15)

Altars:


Innate Abilities, Weirdness & Mutations

You do not eat or drink.
Your flesh is vulnerable to fire.
You are immune to poison.
Your flesh is cold resistant. (rC+)
You are immune to negative energy. (rN+++)
You are immune to unholy pain and torment.
You can survive without breathing.


Message History

The jackal barely misses you.
You barely miss the jackal.
The jackal is almost dead.
The jackal bites you but does no damage. x2
You hit the jackal.
You kill the jackal!
Lugonu accepts your kill. The jackal bites you.
* * * LOW HITPOINT WARNING * * *
Unknown command.
You barely miss the jackal. The jackal closely misses you.
Unknown command.
The jackal bites you but does no damage.
You hit the jackal.
The jackal is almost dead.
The jackal bites you but does no damage.
You barely miss the jackal.
The jackal is almost dead.
The jackal completely misses you. The jackal bites you.
You die...

##...##.....###.#....# .
.....!...............## . #
#..........#..........
...#........#..........#.
......................#.####
#....#..#.#................
##..#.#.#####.#.............
#.....#.#####.#.....#.#.....
#........hh@..#...#.......†#
#.......#########.#...#.....
#.......+ #.##........
#....$..# #....#.#....
#.......# #.####.)....
#.......# #.# #...(..
#.....[.# #.# #.#....
#.......# #.# #.###.# #.# #.
#.#


You could see 2 jackals.

Vanquished Creatures
  2 giant cockroaches (D:1)
  4 jackals (D:1)
  3 kobolds (D:1)
  A ball python (D:1)
  4 bats (D:1)
  2 frilled lizards (D:1)
  2 rats (D:1)
18 creatures vanquished.

Notes
Turn   | Place    | Note
-------+----------+-------------------------------------------
     0 | Abyss:1  | Kurtz the Mummy Abyssal Knight began the quest for the Orb.
     0 | Abyss:1  | Reached XP level 1. HP: 18/18 MP: 2/2
    75 | Abyss:3  | Noticed a starcursed mass
    76 | Abyss:3  | Identified Sif Muna's Compendium of Dusty Lightness
    78 | D:1      | Escaped the Abyss
   352 | D:1      | Reached * piety under Lugonu
   354 | D:1      | Reached XP level 2. HP: 9/24 MP: 3/3
   693 | D:1      | HP: 1/24 [jackal (1)]
   697 | D:1      | Slain by a jackal

Vault maps used:
D:1:      elethiomel_arrival_shortcut
Abyss:3:  grunt_abyss_rune_wretched_hive

Skill      XL: |  1 |
---------------+----+-----
Axes           | 2 |  2.3
Fighting       | |  3.0
Armour         | |  1.5
Dodging        | |  0.7
Shields        | |  0.7
Invocations    | |  1.5

Action                   || total
-------------------------++-------
Melee: Hand axe          ||    53
Invok: Depart the Abyss  ||     1
Armor: Leather armour    ||    38
Dodge: Dodged            ||    33
Block: Buckler           ||    10
